 Dungeon Crawl Stone Soup version 0.29-a0-1009-g60c99734e7 (webtiles) character file.

Game seed: 2773447846912437830

9 Newt the Insei (level 2, -2/21 HPs)
             Began as a Demonspawn Transmuter on Aug 8, 2022.
             Killed from afar by Natasha (9 damage)
             ... with a magic dart
             ... on level 2 of the Dungeon.
             The game lasted 00:00:42 (606 turns).

Newt the Insei (Demonspawn Transmuter)               Turns: 606, Time: 00:00:42

Health: -2/21      AC:  2    Str: 10    XL:     2   Next: 3%
Magic:  4/5        EV: 12    Int: 14    God:
Gold:   14         SH:  0    Dex: 13    Spells: 4/5 levels left

rFire   . . .      SeeInvis .     - Unarmed
rCold   . . .      Faith    .   (no shield)
rNeg    . . .      Spirit   .   a - +0 robe
rPois   .          Reflect  .   (helmet currently unavailable)
rElec   .          Harm     .   (no cloak)
rCorr   .          Rampage  .   (no gloves)
Will    .....                   (boots currently unavailable)
Stlth   +.........              (no amulet)
HPRegen 0.07/turn               (no ring)
MPRegen 0.09/turn               (no ring)

@: appendages (expiring)
A: horns 2, talons 2, spiny 1
a: End Transformation


You were on level 2 of the Dungeon.
You had temporarily grown beastly horns and talons.
You visited 1 branch of the dungeon, and saw 2 of its levels.

You collected 14 gold pieces.

Inventory:

Armour
 a - a +0 robe (worn)
Scrolls
 d - 2 scrolls of teleportation {unknown}
Potions
 b - a potion of lignification
 e - 2 potions of resistance
 f - a potion of curing


   Skills:
 + Level 1.0 Fighting
 + Level 1.9 Dodging
 + Level 3.1 Unarmed Combat
 + Level 2.0 Spellcasting
 + Level 1.9 Transmutations


You had 4 spell levels left.
You knew the following spells:

 Your Spells              Type           Power      Damage    Failure   Level
a - Beastly Appendage     Tmut           12%        N/A       11%         1

Your spell library contained the following spells:

 Spells                   Type           Power      Damage    Failure   Level
 Wereblood                Tmut           6%         N/A       16%         2
 Spider Form              Tmut/Pois      4%         N/A       43%         3
 Ice Form                 Ice/Tmut       4%         N/A       85%         4


Dungeon Overview and Level Annotations

Branches:
Dungeon (2/15)

Altars:

Shops:
D:2 (

Annotations:
D:2 Natasha


Innate Abilities, Weirdness & Mutations

You have temporarily grown beastly horns and talons.
You are partially covered in sharp spines.


Message History

Your horns disappear.
Your talons disappear.
You see here a rat corpse.
Found 6 stones.
e - 2 potions of resistance (gained 1)
Things that are here:
a +0 dagger; a kobold skeleton Done exploring.
Done exploring.
There is a stone staircase leading down here.
You climb downwards.
Natasha hisses angrily.
Found a scroll of identify and a thick smoking staff.
Found Opuv's Weapon Emporium.
Found a stone staircase leading down.
There is a stone staircase leading up here.
Casting: Beastly Appendage (safe; 11% risk of failure)
Confirm with . or Enter, or press ? or * to list all spells.
You grow a pair of large bovine horns.
Your feet morph into talons.
Natasha casts a spell at you. You resist with significant effort.
A bat comes into view.
Natasha stares at you and mumbles some strange words.
You resist with significant effort.
Your transformation is almost over.
The bat is struck by your spines. The bat hits you but does no damage.
The bat closely misses you.
You closely miss Natasha. You claw Natasha. Your headbutt misses Natasha.
Natasha is heavily wounded.
The bat completely misses you. Natasha claws you!
You barely miss Natasha. You claw Natasha.
Natasha is heavily wounded.
The bat is struck by your spines.
You kill the bat!
Natasha mumbles some strange words.
Natasha shimmers violently.
Natasha is struck by your spines. Natasha claws you!
You hit Natasha.
Natasha is almost dead.
Natasha casts a spell at you. The magic dart hits you!
You die...

.. ... .#.# ..
>. ...## #. #.
....###
#..#.#.#?......
#......#...#
#<.#..######
#∩..#.#........
#.#.#..........
# #....@h......
#..####.†......
##. #|.......
#. #........ #.
#........
#########


You could see Natasha.

Vanquished Creatures
  2 bats
  3 goblins (D:1)
  A kobold (D:1)
  A frilled lizard (D:1)
  A rat (D:1)
8 creatures vanquished.

Notes
Turn   | Place    | Note
-------+----------+-------------------------------------------
     0 | D:1      | Newt the Demonspawn Transmuter began the quest for the Orb.
     0 | D:1      | Reached XP level 1. HP: 15/15 MP: 3/3
   393 | D:1      | Reached skill level 3 in Unarmed Combat
   397 | D:1      | Gained mutation: You are partially covered in sharp spines.
                  | [demonic ancestry]
   397 | D:1      | Reached XP level 2. HP: 16/21 MP: 3/5
   599 | D:2      | Noticed Natasha
   599 | D:2      | Found Opuv's Weapon Emporium.
   606 | D:2      | Killed from afar by Natasha

Illustrated notes

Levels and vault maps discovered:
D:1:      evilmike_arrival_fibonacci_small, layout_rooms
D:2:      minmay_skewed_foursquare, layout_rooms, serial_shops, shop, shop,
          nicolae_shop_window_shopping, hellmonk_ecumenical_altar_leap_of_faith,
          uniq_natasha

Skill      XL: |  1 |
---------------+----+-----
Unarmed Combat | 3 |  3.1
Fighting       | |  1.0
Dodging        | |  1.9
Spellcasting   | |  2.0
Transmutations | |  1.9

Action                   || total
-------------------------++-------
Melee: Unarmed           ||    20
       Kick              ||     4
 Cast: Beastly Appendage ||     4
  Use: Scroll            ||     2
Armor: Robe              ||     5
Dodge: Dodged            ||     8

Table legend: (Time is in decaauts)
 A = Elapsed time spent in this place.
 B = Non-inter-level travel time spent in this place.
 C = Inter-level travel time spent in this place.
 D = Time resting spent in this place.
 E = Time spent auto-exploring this place.
 F = Levels seen in this place.
 G = Mean time per level.
                   A        B        C        D        E       F      G
               +--------+--------+--------+--------+--------+-----+--------+
         Total |    605 |    592 |     13 |      0 |    530 |   2 |  302.5 |
       Dungeon |    605 |    592 |     13 |      0 |    530 |   2 |  302.5 |
               +--------+--------+--------+--------+--------+-----+--------+

Top non-repeatable levels by time:
     D:1: 598 daAuts
     D:2: 6 daAuts
